 Dungeon Crawl Stone Soup version 0.30-a0-272-gf98c3da03f (webtiles) character file.

Game seed: 13897210064256995874

59367 Sobieck the Warrior (level 14, -8/162 HPs)
             Began as an Ogre Transmuter on Oct 15, 2022.
             Was a High Priest of Wu Jian.
             Mangled by a meliai
             ... wielding a +0 war axe
              (11 damage)
             ... on level 13 of the Dungeon.
             The game lasted 01:04:41 (26518 turns).

Sobieck the Warrior (Ogre Transmuter)              Turns: 26518, Time: 01:04:42

Health: -8/162     AC: 11    Str: 17    XL:     14   Next: 94%
Magic:  0/18       EV: 14    Int: 18    God:    Wu Jian [*****.]
Gold:   875        SH:  0    Dex:  9    Spells: 8/19 levels left

rFire   . . .      SeeInvis .      - Unarmed
rCold   . . .      Faith    .    (shield currently unavailable)
rNeg    . . .      Spirit   +    l - +0 steam dragon scales
rPois   .          Reflect  .    P - +2 hat
rElec   .          Harm     .    t - +2 cloak
rCorr   .          Rampage  .    (gloves unavailable)
Will    +....                    (boots unavailable)
Stlth   +.........               F - amulet of guardian spirit
HPRegen 0.47/turn                U - +4 ring of slaying
MPRegen 0.16/turn                T - +4 ring of evasion

@: lethally poisoned (-8 -> -52), blade hands
A: large, unfitting armour, tough skin 1
a: End Transformation, Renounce Religion, Wall Jump, Serpent's Lash, Heavenly
Storm


You were on level 13 of the Dungeon.
You worshipped Wu Jian.
Wu Jian was extremely pleased with you.
You had blades for hands.
You visited 3 branches of the dungeon, and saw 20 of its levels.

You collected 1355 gold pieces.
You spent 480 gold pieces at shops.


Innate Abilities, Weirdness & Mutations

You have blades for hands.
Your spellcasting is less reliable in this form.
You are incapable of wielding weapons or throwing items.
You are too large for most types of armour.
You have tough skin. (AC +1)


   Skills:
 + Level 16.1 Fighting
 - Level 5.0 Dodging
 + Level 15.5 Unarmed Combat
 - Level 3.0 Spellcasting
 + Level 12.7 Transmutations
 - Level 2.0 Ice Magic
 + Level 3.8 Evocations


You had 8 spell levels left.
You knew the following spells:

 Your Spells              Type           Power      Damage    Failure   Level
a - Blade Hands           Tmut           24%        N/A       24%         5
b - Wereblood             Tmut           48%        N/A       8%          2
c - Ice Form              Ice/Tmut       29%        N/A       41%         4

Your spell library contained the following spells:

 Spells                   Type           Power      Damage    Failure   Level
 Beastly Appendage        Tmut           96%        N/A       7%          1
 Spider Form              Tmut/Pois      25%        N/A       28%         3
 Freeze                   Ice            36%        1d5       38%         1
 Kiss of Death            Conj/Necr      8%         2d6       56%         1
 Summon Small Mammal      Summ           8%         N/A       56%         1
 Frozen Ramparts          Ice            18%        1d3       65%         3
 Blink                    Tloc           4%         N/A       67%         2
 Momentum Strike          Conj/Tloc      4%         3d8       67%         2
 Hailstorm                Conj/Ice       6%         3d4       75%         3
 Call Canine Familiar     Summ           2%         N/A       83%         3
 Confusing Touch          Hex            2%         N/A       83%         3
 Inner Flame              Hex/Fire       2%         N/A       83%         3
 Lesser Beckoning         Tloc           4%         N/A       83%         3
 Portal Projectile        Hex/Tloc       4%         N/A       83%         3
 Summon Guardian Golem    Hex/Summ       2%         N/A       83%         3
 Tukima's Dance           Hex            2%         N/A       83%         3
 Anguish                  Hex/Necr       1%         N/A       99%         4
 Animate Armour           Summ/Erth      4%         N/A       99%         4
 Dispel Undead            Necr           2%         3d7       99%         4
 Flame Wave               Conj/Fire      2%         2d4       99%         4
 Sticky Flame             Conj/Fire      2%         2d3       99%         4
 Eringya's Noxious Bog    Tmut/Pois      12%        N/A       99%         6
 Iron Shot                Conj/Erth      1%         9d1       100%        6
 Enfeeble                 Hex            1%         N/A       100%        7

Inventory:

Hand Weapons
 e - a +1 club {mace}
   (You took it off a goblin on level 1 of the Dungeon)
 f - a +0 vorpal short sword {short}
   (You took it off a kobold on level 1 of the Dungeon)
 k - a +0 club {mace}
   (You found it on level 1 of the Dungeon)
Missiles
 d - 43 poisoned darts {throwing}
 h - 5 datura-tipped darts {throwing}
 m - 26 large rocks {=fthrowing}
 o - 6 curare-tipped darts {=fthrowing}
 v - 9 boomerangs (quivered) {throwing}
 X - a throwing net {=f!fthrowing}
Armour
 l - +0 steam dragon scales (worn)
   (You found it on level 9 of the Dungeon)
 t - a +2 cloak (worn)
   (You found it on level 2 of the Dungeon)
 P - a +2 hat (worn)
   (You found it on level 8 of the Dungeon)
Jewellery
 c - the ring of Gozag's Respect {MP+9 Int+7 Dex-4 Slay+3}
   (You found it on level 12 of the Dungeon)

   [ring of magical power]

   Int:       It affects your intelligence (+7).
   Dex:       It affects your dexterity (-4).
   Slay:      It affects your accuracy & damage with ranged weapons and melee
   (+3).
   MP:        It affects your magic capacity (+9).
 q - a ring of flight
   (You found it on level 1 of the Dungeon)
 z - a ring of wizardry
   (You found it on level 3 of the Dungeon)
 F - an amulet of guardian spirit (around neck)
   (You found it on level 6 of the Dungeon)
 T - a +4 ring of evasion (right blade hand)
   (You found it on level 5 of the Lair of Beasts)
 U - a +4 ring of slaying (left blade hand)
   (You found it on level 11 of the Dungeon)
Wands
 y - a wand of iceblast (9)
   (You found it on level 1 of the Lair of Beasts)
 E - a wand of quicksilver (9)
   (You found it on level 6 of the Dungeon)
 J - a wand of flame (83)
   (You took it off Pikel on level 7 of the Dungeon)
 W - a wand of digging (8)
   (You found it on level 9 of the Dungeon)
 Y - a wand of charming (14)
   (You found it on level 8 of the Dungeon)
Scrolls
 g - 3 scrolls of fear
 n - a scroll of butterflies
 r - 2 scrolls of poison {!r}
 s - 2 scrolls of enchant weapon
 A - 3 scrolls of amnesia
 C - a scroll of immolation {!r!r}
 D - 3 scrolls of vulnerability {!r!r}
 G - 3 scrolls of torment {!r}
 H - 4 scrolls of blinking {!r}
 L - a scroll of silence {!r}
 O - a scroll of identify {@r1}
 V - 3 scrolls of teleportation {@r4}
Potions
 b - 2 potions of lignification {!q}
 i - 2 potions of ambrosia
 j - a potion of might
 p - 15 potions of curing {@q1}
 u - 10 potions of attraction {!q}
 w - 3 potions of mutation {!q}
 x - 2 potions of brilliance
 B - 2 potions of magic
 I - 2 potions of berserk rage {!q}
 K - 2 potions of cancellation
 M - 3 potions of haste {@q3}
 N - 2 potions of heal wounds {@q2}
 S - a potion of invisibility
 Z - 2 potions of flight
Miscellaneous
 a - a lightning rod (4/4)
   (You found it on level 9 of the Dungeon)
 Q - a phantom mirror
   (You found it on level 4 of the Lair of Beasts)
 R - a tin of tremorstones (2/2) {throwing}
   (You found it on level 5 of the Lair of Beasts)

Dungeon Overview and Level Annotations

Branches:
Dungeon (14/15) Zot: 26872  Temple (1/1) D:7 Zot: 5888    Lair (5/5) D:11 Zot: 22515
 Shoals (0/4) Lair:3        Snake (0/4) Lair:2        Slime (0/5) Lair:4
    Orc (0/2) D:9
 Vaults: D:13-14

Altars:
Ashenzari
Cheibriados
Dithmenos
Elyvilon
Fedhas
Gozag
Hepliaklqana
Kikubaaqudgha
Makhleb
Nemelex Xobeh
Okawaru
Qazlal
Ru
Sif Muna
Trog
Uskayaw
Vehumet
Wu Jian
Xom
Yredelemnul
Zin
The Shining One
Jiyva

Shops:
D:6 (**   D:7 ?:   D:12 *

Annotations:
D:3 2 transporters
D:4 3 runed translucent doors, KennySheep's ghost, amateur DgTm
D:5 1 runed translucent door, Crazy Yiuf
D:14 Nessos
Lair:2 3 runed translucent doors, exclusion: downstairs, Taurus's ghost, journeyman MiFi

#...(........# #.#....#..#
##.#########.#######.###..#..#
#.##....#.............†......
#.##.##.#.#.###...#.##...#..#
##.##.##...#.)...###.##...####
#.....########..## #.)...<....
#####.....>....###############
#.#######Hy.).............
#.#......@....############
#.##.....yy#..#
#.####.....#..### #####
#.<.............# #....
##########.#.##.# #....
#.#.##'## #.... #.#.....##
#.... #.#......####....
#.#..............


You could see a manticore and 3 meliai.


Message History

Unknown command.
Unknown command.
You start resting.
Your hands revert to their normal proportions.
You start resting.
Unknown command.
You climb downwards.
There is a stone staircase leading up here.
Unknown command.
Unknown command.
Unknown command.
Z - 2 potions of flight (gained 1)
Found an escape hatch in the ceiling.
Unknown command.
A meliai comes into view. It is wielding a +0 war axe.
The meliai buzzes angrily.
A meliai comes into view. It is wielding a +0 hand axe.
Danger!
Casting: Blade Hands (mildly dangerous; 2% risk of failure)
Confirm with . or Enter, or press ? or * to list all spells.
Your hands turn into razor-sharp scythe blades.
The meliai buzzes angrily.
You hear an angry buzzing noise.
A meliai comes into view. It is wielding a +0 war axe.
Nessos the Markscentaur comes into view.
They are wearing a +0 barding of flying.
The meliai buzzes angrily.
The meliai calls down the wrath of its god upon you.
Something smites you!
The meliai calls down the wrath of its god upon you.
Something smites you!
The meliai mumbles some strange prayers to its god against you.
Something smites you!
You hear a shout!
You hear an angry buzzing noise.
Nessos gestures wildly while chanting.
Nessos seems to speed up.
The meliai attacks as you move away! The meliai barely misses you.
The meliai completely misses you.
Nessos gestures wildly while chanting.
Nessos blinks!
The meliai barely misses you.
The meliai stings you but does no damage.
The meliai hits you with a +0 war axe! The meliai barely misses you.
Nessos mumbles some strange words.
Nessos blinks!
The meliai calls down the wrath of its god upon you.
Something smites you!
Nessos casts a spell.
Nessos blinks!
The meliai closely misses you. The meliai stings you.
There is a stone staircase leading up, spattered with blood here.
Unknown command.
The meliai hits you with a +0 war axe.
The meliai stings you but does no damage.
The meliai hits you with a +0 hand axe! The meliai stings you.
* * * LOW HITPOINT WARNING * * *
You are poisoned.
The meliai poisons you! The meliai hits you with a +0 war axe.
* * * LOW HITPOINT WARNING * * *
The meliai stings you.
* * * LOW HITPOINT WARNING * * *
You are more poisoned.
The meliai poisons you! The meliai barely misses you.
The meliai closely misses you. The meliai hits you but does no damage.
The meliai stings you.
* * * LOW HITPOINT WARNING * * *
The meliai hits you with a +0 war axe!
* * * LOW HITPOINT WARNING * * *
The meliai stings you.
* * * LOW HITPOINT WARNING * * *
You are more poisoned.
The meliai poisons you!
You climb upwards.
* * * LOW HITPOINT WARNING * * *
You feel extremely sick. The manticore bites you.
* * * LOW HITPOINT WARNING * * *
The manticore misses you. x2
There is a stone staircase leading down here.
Unknown command.
Unknown command.
You feel much better.
You feel extremely sick.
The meliai invokes the aid of its god against you.
Something smites you!
* * * LOW HITPOINT WARNING * * *
The meliai closely misses you. x2
The meliai invokes the aid of its god against you.
Something smites you!
* * * LOW HITPOINT WARNING * * *
The manticore barely misses you. The manticore closely misses you.
The manticore claws you.
* * * LOW HITPOINT WARNING * * *
The meliai hits you with a +0 hand axe.
* * * LOW HITPOINT WARNING * * *
The meliai stings you.
* * * LOW HITPOINT WARNING * * *
You are more poisoned.
The meliai poisons you!
The meliai calls down the wrath of its god upon you.
Something smites you!
* * * LOW HITPOINT WARNING * * *
The meliai hits you with a +0 war axe!
You die...

Skill      XL: |  1  2  3  4  5  6  7  8  9 10 11 12 13 14 |
---------------+-------------------------------------------+-----
Transmutations | 2 3 4 5 7 9 11 12 | 12.7
Fighting       | 2 3 4 5 7 10 12 13 15 16 | 16.1
Unarmed Combat | 3 4 5 8 10 12 13 14 15 | 15.5
Spellcasting   | 3 |  3.0
Ice Magic      | 2 |  2.0
Dodging        | 3 5 |  5.0
Evocations     | 3 |  3.8

Action                   |  1- 3 |  4- 6 |  7- 9 | 10-12 | 13-15 || total
-------------------------+-------+-------+-------+-------+-------++-------
Melee: Unarmed           |    82 |   160 |   227 |   413 |   387 ||  1269
       Kick              |     9 |     4 |       |       |       ||    13
       Headbutt          |     5 |     5 |       |       |       ||    10
       Punch             |     1 |     1 |       |    21 |    40 ||    63
Throw: Large rock        |     6 |     9 |     6 |    20 |       ||    41
       Dart              |       |    18 |    11 |       |       ||    29
       Stone             |       |       |     2 |       |       ||     2
       Boomerang         |       |       |       |       |     4 ||     4
 Cast: Beastly Appendage |    17 |     4 |       |       |       ||    21
       Wereblood         |     1 |     3 |     2 |     4 |       ||    10
       Spider Form       |       |    19 |     7 |       |       ||    26
       Ice Form          |       |     1 |    28 |     5 |     2 ||    36
       Blade Hands       |       |       |       |    79 |    48 ||   127
Invok: Lunge             |       |       |       |    50 |    51 ||   101
       Whirlwind         |       |       |       |    58 |   108 ||   166
       Serpent's Lash    |       |       |       |     1 |     1 ||     2
 Abil: End Transformatio |       |       |       |       |     1 ||     1
  Use: Scroll            |       |    11 |     5 |    10 |     5 ||    31
       Potion            |       |     2 |     1 |       |     1 ||     4
 Stab: Distracted        |       |       |     1 |       |       ||     1
Armor: Robe              |    29 |    18 |     7 |    16 |       ||    70
       Skin              |       |    11 |    67 |     5 |     4 ||    87
       Steam dragon scal |       |       |       |    77 |   119 ||   196
Dodge: Dodged            |    41 |   108 |   107 |   139 |   165 ||   560

Levels and vault maps discovered:
D:1:      dpeg_arrival_rhombi, layout_basic
D:2:      layout_loops_corners, basic_altar, uniq_jessica
D:3:      layout_basic, gammafunk_ghost_abyssal_escape, hex_tiny, uniq_terence
D:4:      layout_gridville, nicolae_uskayaw_murder_on_the_dancefloor,
          gammafunk_ghost_necromancy
D:5:      layout_loops_ring, st_stairs_14, uniq_crazy_yiuf_cottage
D:6:      minmay_inner_zag, layout_basic, lemuel_mausoleum_altar_yredelemnul,
          serial_shops, shop, chequers_hall_statues_wall_a,
          minmay_misc_feat_secret_circle, nicolae_specific_store
D:7:      layout_basic, nicolae_gozag_cash_rules_everything_around_me,
          ashenzari_conservatory_becter, temple_hall, nicolae_wooded_promenade,
          patterned_corridor, uniq_pikel
D:8:      cheibrodos_wizards_tower, layout_loops_ring,
          mainiacjoe_overflow_brackets, grunt_qazlal_clouds,
          mainiacjoe_overflow_alcove_4, nicolae_overflow_squiral,
          minmay_lizard_king
D:9:      layout_irregular_city, mainiacjoe_overflow_cross_hatched, orc_0_dummy,
          nicolae_lava_and_water, st_stairs_10
D:10:     layout_layer_cave, mainiacjoe_overflow_catwalk, lemuel_crystal_altar
D:11:     layout_roguey [special_room_orc], erik_lair_orcish_takeover,
          minmay_checkerbox
D:12:     layout_cave_pools, portal_ice_cave_entry_ice_simulacra, serial_shops,
          shop
D:13:     layout_basic
D:14:     layout_cross, grunt_vaults_entry_tiered, uniq_nessos, uniq_josephine
Temple:   hellmonk_temple_beads
Lair:1:   layout_cave_pods
Lair:2:   layout_big_grid, dummy_snake_entry, gammafunk_ghost_icy,
          grunt_megastairs_4, serial_bayou_shore_a, lemuel_fruit_fields
Lair:3:   layout_cave_pods, elwin_shoals_entry_stream,
          nicolae_quartered_pool_super, lemuel_fruit_tree, grunt_megastairs_2
Lair:4:   layout_cave_pods, dpeg_slime_entry_enclosed,
          nicolae_volcano_entry_s_turn, uniq_kirke
Lair:5:   grunt_lair_end_beastmaster, layout_misc_corridors

Notes
Turn   | Place    | Note
-------+----------+-------------------------------------------
     0 | D:1      | Sobieck the Ogre Transmuter began the quest for the Orb.
     0 | D:1      | Reached XP level 1. HP: 19/19 MP: 3/3
   152 | D:1      | Reached skill level 2 in Transmutations
   206 | D:1      | Reached XP level 2. HP: 28/28 MP: 3/5
   245 | D:1      | Learned a level 2 spell: Wereblood
   390 | D:1      | You pick up a book of Touch and begin reading...
   390 | D:1      | You add the spells Kiss of Death, Confusing Touch and
                  | Dispel Undead to your library.
   424 | D:1      | Reached skill level 2 in Fighting
   622 | D:1      | Reached XP level 3. HP: 35/35 MP: 4/6
   660 | D:1      | Reached skill level 3 in Unarmed Combat
  1190 | D:2      | Found a shimmering altar of Xom.
  1226 | D:2      | Noticed Jessica
  1233 | D:2      | Killed Jessica
  1234 | D:2      | Reached skill level 3 in Fighting
  1234 | D:2      | Reached skill level 3 in Transmutations
  1234 | D:2      | Reached XP level 4. HP: 37/45 MP: 5/7
  1317 | D:2      | Reached XP level 5. HP: 40/53 MP: 6/8
  1367 | D:2      | Learned a level 3 spell: Spider Form
  2402 | D:3      | You pick up a book of Spatial Translocations and begin
                  | reading...
  2402 | D:3      | You add the spells Blink, Momentum Strike and Lesser
                  | Beckoning to your library.
  2459 | D:3      | Found a transporter.
  2554 | D:3      | Found a transporter.
  3063 | D:3      | Noticed Terence
  3066 | D:3      | Killed Terence
  3558 | D:4      | You pick up a book of Frost and begin reading...
  3558 | D:4      | You add the spells Freeze, Frozen Ramparts and Hailstorm to
                  | your library.
  3719 | D:4      | Found a hide-covered altar of Uskayaw.
  3732 | D:4      | Reached skill level 4 in Transmutations
  3804 | D:4      | Found a runed translucent gate.
  3805 | D:4      | Found a runed translucent gate.
  3805 | D:4      | Found a runed translucent gate.
  3851 | D:4      | Reached XP level 6. HP: 62/62 MP: 6/10
  3867 | D:4      | Noticed KennySheep's ghost (amateur DgTm)
  4023 | D:4      | Reached skill level 4 in Fighting
  4023 | D:4      | Reached skill level 3 in Spellcasting
  4172 | D:4      | Learned a level 4 spell: Ice Form
  4389 | D:4      | You pick up a book of Flames and begin reading...
  4389 | D:4      | You add the spells Inner Flame, Sticky Flame and Flame Wave
                  | to your library.
  4429 | D:3      | Reached skill level 1 in Ice Magic
  4442 | D:3      | Reached skill level 2 in Ice Magic
  4451 | D:3      | Reached skill level 4 in Unarmed Combat
  4451 | D:3      | Reached XP level 7. HP: 41/71 MP: 2/11
  4831 | D:5      | Entered Level 5 of the Dungeon
  5070 | D:5      | Reached skill level 5 in Transmutations
  5077 | D:5      | Reached skill level 5 in Fighting
  5194 | D:5      | Reached XP level 8. HP: 81/81 MP: 3/12
  5335 | D:5      | Found a runed translucent door.
  5336 | D:5      | Noticed Crazy Yiuf
  5506 | D:5      | You pick up a book of Spatial Translocations and begin
                  | reading...
  5867 | D:4      | Reached skill level 6 in Transmutations
  6043 | D:5      | You pick up a book of Callings and begin reading...
  6043 | D:5      | You add the spells Summon Small Mammal, Call Canine
                  | Familiar and Summon Guardian Golem to your library.
  6254 | D:6      | Reached skill level 6 in Fighting
  6430 | D:6      | Reached skill level 5 in Unarmed Combat
  6653 | D:6      | Found a basalt altar of Yredelemnul.
  6670 | D:6      | Reached skill level 7 in Fighting
  6670 | D:6      | Reached skill level 7 in Transmutations
  6823 | D:6      | Reached XP level 9. HP: 93/93 MP: 8/13
  6948 | D:6      | Reached skill level 6 in Unarmed Combat
  7388 | D:6      | Found Myull's General Store.
  7392 | D:6      | Found Ickato's Specific Store.
  7400 | D:6      | Bought a potion of magic for 96 gold pieces
  7400 | D:6      | Bought 2 potions of degeneration for 24 gold pieces
  7400 | D:6      | Bought a scroll of identify for 24 gold pieces
  7524 | D:6      | Reached skill level 8 in Fighting
  7769 | D:6      | HP: 27/116 [orc/+0 flail (6)]
  7985 | D:6      | Found Estur's Antique Weapon Shoppe.
  8097 | D:6      | Reached skill level 9 in Fighting
  8178 | D:6      | Reached skill level 7 in Unarmed Combat
  8464 | D:7      | Found a broken altar of Ashenzari.
  8657 | D:7      | Reached skill level 10 in Fighting
  8844 | D:7      | Noticed Pikel
  8858 | D:7      | Killed Pikel
  8859 | D:7      | Reached skill level 8 in Unarmed Combat
  8859 | D:7      | Reached XP level 10. HP: 108/110 MP: 5/14
  9212 | D:7      | Reached skill level 9 in Unarmed Combat
  9315 | D:7      | Found Tijyos's Book Boutique.
  9317 | D:7      | Found Jocs's Magic Scroll Boutique.
  9321 | D:7      | Bought a book of Weapons for 336 gold pieces
  9321 | D:7      | You pick up a book of Weapons and begin reading...
  9321 | D:7      | You add the spells Tukima's Dance, Portal Projectile and
                  | Blade Hands to your library.
  9331 | D:7      | Learned a level 5 spell: Blade Hands
  9536 | D:7      | Found an opulent altar of Gozag.
  9793 | D:7      | Found a staircase to the Ecumenical Temple.
  9802 | Temple   | Entered the Ecumenical Temple
  9900 | Temple   | Became a worshipper of the Wu Jian Council
 10008 | D:8      | Found an ancient bone altar of Kikubaaqudgha.
 10093 | D:8      | Noticed an orc sorcerer
 10318 | D:8      | Found a snail-covered altar of Cheibriados.
 10350 | D:8      | Found a glowing silver altar of Zin.
 10413 | D:8      | Paralysed by an orc sorcerer for 3 turns
 10419 | D:8      | Killed an orc sorcerer
 10420 | D:8      | Reached skill level 10 in Unarmed Combat
 10554 | D:8      | Reached skill level 2 in Dodging
 10833 | D:8      | Found a sparkling altar of Nemelex Xobeh.
 10966 | D:8      | You are sucked into a shaft and drop 2 floors!
 10966 | D:10     | Entered Level 10 of the Dungeon
 10975 | D:10     | Reached * piety under Wu Jian
 11172 | D:10     | Found a bloodstained altar of Trog.
 11229 | D:9      | Found a radiant altar of Vehumet.
 11390 | D:8      | Found a stormy altar of Qazlal.
 11785 | D:9      | Found a staircase to the Orcish Mines.
 12115 | D:9      | HP: 24/111 [electric eel/bolt of electricity (7)]
 12526 | D:9      | Reached skill level 3 in Dodging
 13031 | D:10     | Reached XP level 11. HP: 113/119 MP: 8/15
 13041 | D:10     | Reached skill level 11 in Fighting
 13462 | D:10     | Reached skill level 8 in Transmutations
 13541 | D:10     | Noticed a cyclops
 13548 | D:10     | Killed a cyclops
 13967 | D:10     | Found a hazy altar of Hepliaklqana.
 14550 | D:10     | Reached ** piety under Wu Jian
 14944 | D:11     | Reached skill level 11 in Unarmed Combat
 14944 | D:11     | Found a staircase to the Lair.
 14961 | D:11     | HP: 26/123 [warg (12)]
 14965 | D:10     | Reached skill level 12 in Fighting
 15593 | D:11     | Noticed a death knight
 15594 | D:11     | Noticed a deep elf pyromancer
 15724 | D:11     | Killed a death knight
 15725 | D:11     | Reached skill level 9 in Transmutations
 15728 | D:11     | Killed a deep elf pyromancer
 15738 | D:11     | You pick up a book of Iron and begin reading...
 15738 | D:11     | You add the spells Animate Armour and Iron Shot to your
                  | library.
 16249 | D:11     | Reached skill level 12 in Unarmed Combat
 16482 | D:12     | Reached *** piety under Wu Jian
 16493 | D:12     | Noticed a boulder beetle
 16508 | D:12     | Killed a boulder beetle
 16509 | D:12     | Reached XP level 12. HP: 97/132 MP: 5/16
 16612 | D:12     | Noticed a two-headed ogre
 16616 | D:12     | Killed a two-headed ogre
 16726 | D:12     | Noticed a two-headed ogre
 16731 | D:12     | Killed a two-headed ogre
 16753 | D:12     | Reached skill level 13 in Unarmed Combat
 16753 | D:12     | Found a frozen archway.
 17150 | Lair:1   | Entered Level 1 of the Lair of Beasts
 18243 | Lair:2   | Found a runed translucent gate.
 18243 | Lair:2   | Found a runed translucent gate.
 18247 | Lair:2   | Found a runed translucent gate.
 18372 | Lair:2   | Noticed Taurus's ghost (journeyman MiFi)
 18374 | Lair:2   | Noticed an ice dragon
 18489 | Lair:2   | Reached skill level 4 in Dodging
 18495 | Lair:2   | Found a staircase to the Snake Pit.
 19275 | Lair:3   | Noticed a five-headed hydra
 19364 | Lair:2   | Reached skill level 13 in Fighting
 19744 | Lair:3   | Killed a five-headed hydra
 19744 | Lair:3   | Reached **** piety under Wu Jian
 19745 | Lair:3   | Reached skill level 5 in Dodging
 19745 | Lair:3   | Reached XP level 13. HP: 138/144 MP: 10/17
 19975 | Lair:3   | Found a staircase to the Shoals.
 20007 | Lair:3   | Reached skill level 10 in Transmutations
 20995 | Lair:4   | Noticed Kirke
 21008 | Lair:4   | Killed Kirke
 21009 | Lair:4   | Reached skill level 14 in Fighting
 21189 | Lair:4   | Reached skill level 14 in Unarmed Combat
 21842 | Lair:4   | Found a viscous altar of Jiyva.
 21842 | Lair:4   | Found a staircase to the Slime Pits.
 22209 | Lair:5   | Entered Level 5 of the Lair of Beasts
 22650 | Lair:5   | Reached skill level 11 in Transmutations
 23143 | Lair:4   | Reached ***** piety under Wu Jian
 23144 | Lair:4   | Reached skill level 15 in Fighting
 23405 | Lair:5   | Reached XP level 14. HP: 157/159 MP: 12/18
 23684 | Lair:5   | Reached skill level 15 in Unarmed Combat
 23690 | Lair:5   | Reached skill level 12 in Transmutations
 24055 | Lair:5   | Reached skill level 1 in Evocations
 24296 | Lair:5   | You pick up a book of Maledictions and begin reading...
 24296 | Lair:5   | You add the spells Anguish and Enfeeble to your library.
 24307 | Lair:5   | Got the Incunabulum of Vitriolic Rallying
 24330 | Lair:5   | Reached skill level 2 in Evocations
 24896 | D:12     | Found Muyschixt's General Store.
 24901 | D:12     | Identified the ring of Gozag's Respect {MP+9 Int+7 Dex-4
                  | Slay+3}
 25521 | D:13     | Reached skill level 3 in Evocations
 26128 | D:13     | Reached skill level 16 in Fighting
 26509 | D:14     | Noticed Nessos
 26517 | D:13     | HP: 35/162 [poisoned by a meliai]
 26518 | D:13     | HP: 17/162 [meliai/+0 hand axe (2)]
 26518 | D:13     | HP: 3/162 [meliai/divine providence (9)]
 26518 | D:13     | Mangled by a meliai

Vanquished Creatures
  Kirke (Lair:4)
  A catoblepas (Lair:5)
  2 centaur warriors (D:13)
  A death knight (D:11)
  3 hydras
  4 boulder beetles
  3 tengu warriors (D:13)
  3 two-headed ogres
  A deep troll shaman (Lair:5)
  3 death yaks (Lair:5)
  4 skeletal warriors (D:12)
  A lindwurm (Lair:5)
  4 deep elf pyromancers
  Pikel (D:7)
  An ugly thing (D:13)
  An orc sorcerer (D:8)
  20 elephants
  4 cyclopes
  A merfolk siren (Lair:3)
  7 black mambas
  2 torpor snails (Lair:5)
  7 cane toads
  9 komodo dragons
  4 gargoyles
  5 rime drakes
  A tengu conjurer (D:13)
  3 merfolk (Lair:3)
  7 trolls
  A polar bear (Lair:5)
  4 slime creatures (D:10)
  12 dream sheep (Lair:5)
  6 wraiths
  25 yaks
  3 wyverns
  6 hogs (Lair:4)
  5 vampire mosquitoes
  A steam dragon (D:9)
  2 basilisks
  2 wargs
  A death yak simulacrum (D:12)
  18 water moccasins
  4 sky beasts
  12 orc warriors
  2 black bears
  2 hornet zombies (D:6)
  2 ice beasts
  2 ogres
  20 wolves
  5 centaurs
  2 lemures
  4 necrophages
  9 bullfrogs
  A gnoll sergeant (D:12)
  4 scorpions
  2 wights (D:6)
  9 killer bees
  3 jellies
  7 howler monkeys
  5 electric eels
  A lava snake (D:9)
  A bullfrog zombie (D:6)
  2 centaur zombies (D:6)
  A human zombie (D:6)
  4 hounds
  10 orc priests
  Jessica (D:2)
  7 iguanas
  Terence (D:3)
  16 orc wizards
  2 spriggan simulacra (D:12)
  2 polar bear simulacra (D:12)
  3 troll simulacra (D:12)
  A killer bee zombie (D:6)
  2 mummies (D:6)
  10 gnolls
  7 adders
  2 shadow imps (D:6)
  A white imp (D:7)
  2 worms (D:3)
  6 dart slugs
  57 orcs
  3 bats
  8 endoplasms
  2 giant cockroaches (D:2)
  5 goblins
  5 hobgoblins
  20 jackals
  5 ball pythons
  5 frilled lizards
  4 kobolds
  6 rats
487 creatures vanquished.

Vanquished Creatures (others)
  An iguana (D:8)
  2 frilled lizards (D:8)
  19 fungi
  26 plants
48 creatures vanquished.

Grand Total: 535 creatures vanquished

Table legend:
 A = Non-vault XP
 B = Vault XP
 C = Vault XP percentage of total XP
 D = Non-vault monster count
 E = Vault monster count
 F = Vault count percentage of total count
                 A         B        C        D         E       F
            +---------+---------+-------+---------+---------+-------
      Total |   64332 |   20478 |  24.1 |     375 |     110 |  22.7
            +---------+---------+-------+---------+---------+-------
        D:1 |      60 |       0 |   0.0 |      23 |       0 |   0.0
        D:2 |     104 |      37 |  26.2 |      24 |       1 |   4.0
        D:3 |     296 |      36 |  10.8 |      25 |       1 |   3.8
        D:4 |     389 |       0 |   0.0 |      23 |       0 |   0.0
        D:5 |     471 |     124 |  20.8 |      12 |       1 |   7.7
        D:6 |    1093 |    1066 |  49.4 |      23 |      18 |  43.9
        D:7 |    1340 |     586 |  30.4 |      12 |       1 |   7.7
        D:8 |     937 |    1039 |  52.6 |      20 |       7 |  25.9
        D:9 |     896 |     162 |  15.3 |      16 |       2 |  11.1
       D:10 |    3332 |     170 |   4.9 |      24 |       1 |   4.0
       D:11 |    2094 |    3323 |  61.3 |      12 |      36 |  75.0
       D:12 |    8396 |     377 |   4.3 |      23 |       8 |  25.8
       D:13 |   10311 |       0 |   0.0 |      16 |       0 |   0.0
       D:14 |    1687 |       0 |   0.0 |       4 |       0 |   0.0
     Lair:1 |    2914 |       0 |   0.0 |      11 |       0 |   0.0
     Lair:2 |    3515 |    1339 |  27.6 |      15 |       4 |  21.1
     Lair:3 |    4976 |    1948 |  28.1 |      16 |       6 |  27.3
     Lair:4 |    6963 |    2654 |  27.6 |      26 |       7 |  21.2
     Lair:5 |   14558 |    7617 |  34.3 |      50 |      17 |  25.4
            +---------+---------+-------+---------+---------+-------

Illustrated notes

Table legend:
 A = Kills in this place as a percentage of kills in entire the game.
 B = Kills by you in this place as a percentage of kills by you in the entire game.
 C = Kills by friends in this place as a percentage of kills by friends in the entire game.
 D = Other kills in this place as a percentage of other kills in the entire game.
 E = Experience gained in this place as a percentage of experience gained in the entire game.
 F = Experience gained in this place divided by the number of levels of this place that you have seen.
                   A       B       C       D       E      F
               +-------+-------+-------+-------+-------+----------------------
         Total | 100.0 | 100.0 |   N/A |   N/A | 100.0 | 4240.5
       Dungeon |  68.7 |  68.7 |   N/A |   N/A |  45.2 | 2737.6
          Lair |  31.3 |  31.3 |   N/A |   N/A |  54.8 | 9296.8
               +-------+-------+-------+-------+-------+----------------------

Table legend: (Time is in decaauts)
 A = Elapsed time spent in this place.
 B = Non-inter-level travel time spent in this place.
 C = Inter-level travel time spent in this place.
 D = Time resting spent in this place.
 E = Time spent auto-exploring this place.
 F = Levels seen in this place.
 G = Mean time per level.
                   A        B        C        D        E       F      G
               +--------+--------+--------+--------+--------+-----+--------+
         Total |  26476 |  25640 |    836 |   6748 |  14371 |  20 | 1323.8 |
       Dungeon |  18880 |  18364 |    516 |   4649 |  10503 |  14 | 1348.6 |
        Temple |    111 |     98 |     13 |      0 |     87 |   1 |  111.0 |
          Lair |   7484 |   7178 |    306 |   2099 |   3781 |   5 | 1496.8 |
               +--------+--------+--------+--------+--------+-----+--------+

Top non-repeatable levels by time:
    D:10: 2474 daAuts
  Lair:4: 2311 daAuts
     D:6: 2239 daAuts
    D:11: 1502 daAuts
     D:4: 1454 daAuts
  Lair:2: 1420 daAuts
     D:8: 1408 daAuts
     D:7: 1397 daAuts
  Lair:5: 1334 daAuts
  Lair:3: 1314 daAuts
     D:3: 1286 daAuts
     D:5: 1280 daAuts
    D:13: 1279 daAuts
     D:2: 1266 daAuts
     D:9: 1260 daAuts
